 Dungeon Crawl Stone Soup version 0.27.0-1-g7a089689b8 (webtiles) character file.

Game seed: 14939485266688335637

178 nicksoapdish the Sneak (level 5, 0/32 HPs)
             Began as an Octopode Enchanter on Aug 2, 2021.
             Slain by an orc wizard (7 damage)
             ... on level 2 of the Dungeon on Aug 3, 2021.
             The game lasted 00:09:53 (3618 turns).

nicksoapdish the Sneak (Octopode Enchanter)         Turns: 3618, Time: 00:09:54

Health: 0/32       AC:  1    Str:  7    XL:     5   Next: 58%
Magic:  8/8        EV: 13    Int: 18    God:
Gold:   46         SH:  0    Dex: 13    Spells: 5/8 levels left

rFire    . . .     SeeInvis .   a - +1 dagger
rCold    . . .     Faith    .   (no shield)
rNeg     . . .     Spirit   .   (helmet restricted)
rPois    .         Reflect  .   (no amulet)
rElec    .         Harm     .   (no ring)
rCorr    .         Rampage  .   (no ring)
Will     .....                  (no ring)
Stlth    ++........             (no ring)
HPRegen  0.10/turn              (no ring)
MPRegen  0.11/turn              (no ring)
                                (no ring)
                                (no ring)

@: confused
A: almost no armour, amphibious, 8 rings, camouflage 1, gelatinous body 1,
(nimble swimmer 1), tentacles
a: no special abilities


You were on level 2 of the Dungeon.
You visited 1 branch of the dungeon, and saw 3 of its levels.

You collected 46 gold pieces.

Inventory:

Hand Weapons
 a - a +1 dagger (weapon)
Missiles
 c - 43 stones
 f - 18 poisoned darts
Scrolls
 h - 2 scrolls of immolation {unknown}
Potions
 e - a potion of attraction
 i - a potion of mutation


   Skills:
 + Level 0.4 Fighting
 * Level 2.0 Short Blades
 - Level 2.1 Dodging
 * Level 6.7 Stealth
 + Level 2.2 Spellcasting
 + Level 3.8 Hexes
 + Level 0.4 Ice Magic


You had 5 spell levels left.
You knew the following spells:

 Your Spells              Type           Power      Damage    Failure   Level
a - Corona                Hex            16%        N/A       3%          1
b - Ensorcelled Hibernat  Hex/Ice        18%        N/A       11%         2

Your spell library contained the following spells:

 Spells                   Type           Power      Damage    Failure   Level
 Confusing Touch          Hex            15%        N/A       11%         3
 Tukima's Dance           Hex            15%        N/A       11%         3
 Dazzling Flash           Conj/Hex       16%        N/A       24%         3
 Animate Dead             Necr           1%         N/A       87%         4
 Haunt                    Necr/Summ      1%         N/A       100%        7
 Infestation              Necr           1%         N/A       100%        8


Dungeon Overview and Level Annotations

Branches:
Dungeon (3/15)

Altars:
Sif Muna
Trog


Innate Abilities, Weirdness & Mutations

You cannot wear most types of armour.
You are amphibious.
You can wear up to eight rings at the same time.
Your skin changes colour to match your surroundings (Stealth+).
Your rubbery body absorbs attacks. (AC +1, EV +1)
((You are camouflaged near water. (Stealth+)))
You have tentacles for arms and can constrict up to eight enemies at once.


Message History

You hit the orc wizard but do no damage.
The orc wizard is lightly wounded.
You constrict the orc wizard. The orc wizard casts a spell at you.
The puff of flame hits you!
You hit the orc wizard.
The orc wizard is moderately wounded.
You constrict the orc wizard. The orc wizard misses you.
You hit the orc wizard but do no damage.
The orc wizard is heavily wounded.
You constrict the orc wizard, but do no damage.
The orc wizard hits you with a +0 flail.
You hit the orc wizard but do no damage.
The orc wizard is heavily wounded.
You constrict the orc wizard.
The orc wizard points at you and mumbles some strange words.
You are confused.
You release your grip on the orc wizard.
The orc wizard hits you with a +0 flail.
You feel better. The orc wizard closely misses you. The orc wizard misses you.
There is a stone staircase leading up, spattered with blood here.
The orc wizard gestures wildly while chanting.
The orc wizard flickers and vanishes!
Deactivating autopickup; reactivate with Ctrl-A.
You climb upwards.
Reactivating autopickup.
There is a stone staircase leading down here.
Deactivating autopickup; reactivate with Ctrl-A.
You hit something. Something hits you but does no damage.
You barely miss something. You hit something but do no damage.
Something hits you.
You hit something.
You hear some strange, mumbled words.
You are confused.
You're too confused to move!
Something hits you. Something hits you.
* * * LOW HITPOINT WARNING * * *
You're too confused to move!
Something hits you!
You die...

# #....# #.#.##.# #########. #
#....###.#.##.# #. #
#....#...#.##.# #. #
#....#.#.#.##.# #. #
#....#........# #. #
##'#.###.#.#### #. # #.#.....#.#
#. # #.#######{################.
#######........>@................
.........##....$.................
########.##......##.#############
#.##......#........#
#.##......#........#
#.##......#........#
#.##......#........#######
#.##......#........#....).
#.##......#........#.###<.


There were no monsters in sight!

Vanquished Creatures
  A howler monkey (D:3)
  4 gnolls
  2 adders
  A white imp (D:3)
  5 dart slugs
  3 orcs
  4 bats
  8 endoplasms
  3 giant cockroaches
  6 goblins
  8 hobgoblins
  5 kobolds (D:1)
  A quokka (D:3)
  8 ball pythons
  2 frilled lizards
  5 rats
66 creatures vanquished.

Notes
Turn   | Place    | Note
-------+----------+-------------------------------------------
     0 | D:1      | nicksoapdish the Octopode Enchanter began the quest for the
                  | Orb.
     0 | D:1      | Reached XP level 1. HP: 11/11 MP: 3/3
   382 | D:1      | Reached XP level 2. HP: 14/17 MP: 5/5
   625 | D:1      | Learned a level 2 spell: Ensorcelled Hibernation
   893 | D:1      | Reached XP level 3. HP: 21/21 MP: 6/6
  1175 | D:1      | Found a faded altar of an unknown god.
  1289 | D:1      | Reached skill level 5 in Stealth
  1700 | D:2      | Reached XP level 4. HP: 27/27 MP: 7/7
  1909 | D:2      | Reached skill level 6 in Stealth
  2893 | D:3      | Reached XP level 5. HP: 32/32 MP: 3/8
  3127 | D:3      | Found a bloodstained altar of Trog.
  3141 | D:3      | Found a shimmering blue altar of Sif Muna.
  3618 | D:2      | Slain by an orc wizard

Illustrated notes

Levels and vault maps discovered:
D:1:      lightli_arrival_windingriver, layout_loops_ring,
          hellmonk_ecumenical_altar_crossroads
D:2:      layout_basic
D:3:      layout_rooms, nzn_overflow_gifts_of_might_and_magic,
          grunt_gozag_breadcrumbs, overflow_temple_1_default

Skill      XL: |  1  2  3  4  5 |
---------------+----------------+-----
Stealth        | 5 6 |  6.7
Short Blades   | 2 |  2.0
Fighting       | |  0.4
Dodging        | |  2.1
Spellcasting   | |  2.2
Hexes          | |  3.8
Ice Magic      | |  0.4

Action                   |  1- 3 |  4- 6 || total
-------------------------+-------+-------++-------
Melee: Dagger            |    74 |    82 ||   156
       Constrict         |    10 |    15 ||    25
       Tentacles         |     6 |    14 ||    20
 Cast: Corona            |     3 |     1 ||     4
       Ensorcelled Hiber |     1 |    25 ||    26
  Use: Scroll            |       |     5 ||     5
       Potion            |       |     2 ||     2
 Stab: Sleeping          |    18 |    10 ||    28
       Distracted        |       |     1 ||     1
Armor: Skin              |     7 |     3 ||    10
Dodge: Dodged            |    30 |    42 ||    72
